 Dungeon Crawl Stone Soup version 0.22-b1-21-g5cfc1688f2 (webtiles) character file.

67 IcyTea the Conjurer (level 4, -9/39 HPs)
             Began as an Ogre Fire Elementalist on Aug 6, 2018.
             Killed from afar by Natasha (10 damage)
             ... with a magic dart
             ... on level 1 of the Dungeon.
             The game lasted 00:05:33 (1354 turns).

IcyTea the Conjurer (Ogre Fire Elementalist)        Turns: 1354, Time: 00:05:34

Health: -9/39      AC:  3    Str: 13    XL:     4   Next: 16%
Magic:  3/8        EV: 10    Int: 16    God:
Gold:   65         SH:  0    Dex:  9    Spells: 5/9 levels left

rFire    . . .     SeeInvis .   e - +0 mace
rCold    . . .     Gourm    .   (no shield)
rNeg     . . .     Faith    .   a - +0 robe
rPois    .         Spirit   .   (helmet restricted)
rElec    .         Reflect  .   (no cloak)
rCorr    .         Harm     .   (gloves unavailable)
MR       .....                  (boots unavailable)
Stlth    +.........             (no amulet)
HPRegen  0.13/turn              (no ring)
MPRegen  0.11/turn              (no ring)

@: no status effects
A: large, unfitting armour, tough skin 1
a: no special abilities


You were on level 1 of the Dungeon.
You were not hungry.

You visited 1 branch of the dungeon, and saw 2 of its levels.

You collected 65 gold pieces.

Inventory:

Hand Weapons
 e - a +0 mace (weapon)
Armour
 a - a +0 robe (worn)
Scrolls
 b - 3 scrolls of identify
 d - a scroll of magic mapping
 h - a scroll of teleportation
 k - a scroll of remove curse {unknown}
Potions
 f - a potion of curing
 g - a potion of haste {unknown}
 i - a potion of heal wounds
 j - a potion of lignification {unknown}
Comestibles
 c - 3 rations
 l - a chunk of flesh


   Skills:
 - Level 1.7 Dodging
 - Level 1.4 Stealth
 - Level 3.0 Spellcasting
 - Level 3.2 Conjurations
 + Level 2.6 Fire Magic


You had 5 spell levels left.
You knew the following spells:

 Your Spells              Type           Power        Failure   Level  Hunger
a - Flame Tongue          Conj/Fire      ##...        5%          1    #......
b - Conjure Flame         Conj/Fire      ##......     17%         3    ###....

Your spell library contained the following spells:

 Spells                   Type           Power        Failure   Level  Hunger
 Fireball                 Conj/Fire      ##........   83%         5    ######.
 Throw Flame              Conj/Fire      ##....       9%          2    ##.....
 Sticky Flame             Conj/Fire      ##......     50%         4    #####..
 Inner Flame              Hex/Fire       #.......     32%         3    ###....


Dungeon Overview and Level Annotations

Branches:
Dungeon (2/15)

Altars:

Portals:
Abyss: D:1***

Annotations:
D:1 Natasha


Innate Abilities, Weirdness & Mutations

You are too large for most types of armour.
You have tough skin. (AC +1)


Message History

The magic dart hits you! Natasha claws you.
* * * LOW HITPOINT WARNING * * *
Natasha casts a spell at you. The magic dart hits you!
* * * LOW HITPOINT WARNING * * *
There is a stone staircase leading up here.
Natasha claws you.
* * * LOW HITPOINT WARNING * * *
You climb upwards.
There is a stone staircase leading down here.
Casting: Flame Tongue (safe; 5% risk of failure)
Confirm with . or Enter, or press ? or * to list all spells.
Aiming: Flame Tongue (safe; 5% risk of failure)
Press: ? - help, Shift-Dir - straight line, f - Natasha
Aim: Natasha The flame tongue misses Natasha.
Natasha casts a spell at you. The magic dart hits you!
You die...

#.....#.##....######.
#######.....#..............
#....##.###................
#..........................
#..........................
#..........###.##.#####....
#..........###....# #....
#.................#####....
#........h@................
#................###......#
######'##...####.# #.......
#...........# #.###.......
#...........###.#.........
#........................(
###.............(..(........
#...........................
#............###...(........


You could see Natasha.

Vanquished Creatures
  Natasha (D:2)
  An adder (D:2)
  2 giant cockroaches (D:1)
  3 hobgoblins
  9 kobolds
  7 bats
  2 frilled lizards
  4 goblins
  4 rats (D:1)
33 creatures vanquished.

Notes
Turn   | Place    | Note
-------+----------+-------------------------------------------
     0 | D:1      | IcyTea the Ogre Fire Elementalist began the quest for the Orb.
     0 | D:1      | Reached XP level 1. HP: 16/16 MP: 3/3
   373 | D:1      | Reached skill level 1 in Conjurations
   424 | D:1      | Reached XP level 2. HP: 22/24 MP: 4/6
   800 | D:1      | Reached XP level 3. HP: 31/31 MP: 7/7
   805 | D:1      | Learned a level 3 spell: Conjure Flame
  1067 | D:2      | Noticed Natasha
  1323 | D:2      | Killed Natasha
  1323 | D:2      | Reached XP level 4. HP: 22/39 MP: 0/8
  1340 | D:2      | Noticed Natasha
  1352 | D:2      | HP: 1/39 [Natasha (3)]
  1354 | D:1      | Killed from afar by Natasha

Skill      XL: |  1  2  3 |
---------------+----------+-----
Spellcasting   | 3 |  3.0
Conjurations   | 1 2 3 |  3.2
Dodging        | |  1.7
Stealth        | |  1.4
Fire Magic     | |  2.6

Action                   |  1- 3 |  4- 6 || total
-------------------------+-------+-------++-------
Melee: Unarmed           |     7 |       ||     7
       Mace              |    40 |       ||    40
       Dagger            |     1 |       ||     1
 Cast: Flame Tongue      |    43 |     1 ||    44
       Conjure Flame     |     1 |       ||     1
  Use: Scroll            |     2 |       ||     2
       Potion            |     2 |       ||     2
  Eat: Chunk             |     1 |     1 ||     2
Armor: Robe              |    39 |       ||    39
Dodge: Dodged            |    70 |       ||    70
